 Dungeon Crawl Stone Soup version 0.15.0-23-gc2b521c (webtiles) character file.

935 Leibowitz the Covered (level 7, -8/62 HPs)
             Began as a Minotaur Fighter on Sept 7, 2014.
             Mangled by a troll (11 damage)
             ... on Level 5 of the Dungeon.
             The game lasted 00:15:58 (3288 turns).

Leibowitz the Covered (Minotaur Fighter)            Turns: 3288, Time: 00:15:58

HP  -8/62        AC 11     Str 27      XL: 7   Next: 87%
MP   3/3         EV  7     Int  6      God:
Gold 153         SH 10     Dex 10      Spells:  0 memorised,  6 levels left

rFire  . . .     SeeInvis .     a - +0 war axe
rCold  . . .     Clarity  .     s - +2 scale mail {rPois}
rNeg   . . .     rCorr    .     c - +0 shield
rPois  +         rRot     .     (helmet restricted)
rElec  .         Spirit   .     j - +0 cloak
SustAb .         Warding  .     (no gloves)
rMut   .         Stasis   .     (no boots)
Gourm  .                        (no amulet)
MR     .....                    (no ring)
                                g - +1 ring of intelligence

@: mighty, not resistant to hostile enchantments, extremely unstealthy
A: retaliatory headbutt, horns 2
a: no special abilities


You were on level 5 of the Dungeon.
You were not hungry.

You visited 1 branch of the dungeon, and saw 5 of its levels.

You collected 153 gold pieces.

Inventory:

Hand weapons
 a - a +0 war axe (weapon)
Missiles
 q - 6 silver javelins (quivered)
Armour
 c - a +0 shield (worn)
 j - a +0 cloak (worn)
 s - a +2 scale mail of poison resistance (worn)
Comestibles
 d - 4 bread rations
 p - 2 beef jerkies
 t - a meat ration
 u - a slice of pizza
 B - a chunk of worm flesh
Scrolls
 f - 9 scrolls of identify {unknown}
 i - a scroll of enchant armour {unknown}
 k - 2 scrolls of remove curse {unknown}
 l - a scroll of recharging {unknown}
 r - a scroll of teleportation {unknown}
 w - a scroll of amnesia {unknown}
 y - a scroll of noise {unknown}
Jewellery
 g - a +1 ring of intelligence (left hand)
 o - an uncursed ring of fire
Potions
 h - a potion of magic {unknown}
 m - a potion of restore abilities {unknown}
 n - a potion of degeneration {unknown}
 v - a potion of cancellation {unknown}
 x - a potion of heal wounds {unknown}
 A - a potion of flight {unknown}
 C - a potion of agility {unknown}


   Skills:
 + Level 5.9 Fighting
 + Level 5.0 Axes
 + Level 6.9 Armour
 + Level 3.5 Dodging
 - Level 1.1 Stealth
 + Level 5.5 Shields


You had 6 spell levels left.
You didn't know any spells.

Dungeon Overview and Level Annotations

Branches:
Dungeon (5/15)
 Temple: D:4-7

Altars:
Sif Muna
Trog
Yredelemnul

Annotations:
D:2 Ijyb


Innate Abilities, Weirdness & Mutations

You reflexively headbutt those who attack you in melee.
You have a pair of horns on your head.


Message History

The centaur hits you but does no damage.
You block the troll's attack. x2
The troll claws you but does no damage.
You closely miss the troll.
The troll is lightly wounded.
You slash the centaur!
The centaur is almost dead.
The centaur hits you.
* * * LOW HITPOINT WARNING * * *
The centaur hits you.
* * * LOW HITPOINT WARNING * * *
The troll bites you but does no damage. The troll claws you.
* * * LOW HITPOINT WARNING * * *
The troll barely misses you.
You hit the troll.
The troll is moderately wounded.
You hit the centaur.
You kill the centaur!
The troll bites you!
You die...

... ....
...## ...##
...# ##..##
#....##
#..<).###..
#.@T.......#
#...)......#
#.........###
#..........#
............#
............$
......####.
...###


You could see a troll.

Vanquished Creatures
  Edmund (D:4)
  A centaur (D:5)
  3 ogres (D:4)
  A phantom (D:4)
  Sigmund (D:2)
  An orc priest (D:3)
  An iguana (D:4)
  Natasha (thrice) (D:4)
  4 worker ants (D:4)
  A gnoll (D:2)
  2 adders
  3 worms
  A giant gecko (D:4)
  An ooze (D:3)
  8 orcs
  6 bats
  12 hobgoblins
  11 jackals
  3 quokkas
  4 ball pythons
  2 giant cockroaches (D:2)
  A giant gecko skeleton (D:4)
  3 giant newts
  10 goblins
  11 kobolds
  2 kobold skeletons (D:4)
  8 rats
105 creatures vanquished.

Vanquished Creatures (others)
  A wizard (D:3)
1 creature vanquished.

Grand Total: 106 creatures vanquished

Notes
Turn   | Place    | Note
--------------------------------------------------------------
     0 | D:1      | Leibowitz, the Minotaur Fighter, began the quest for the Orb.
     0 | D:1      | Reached XP level 1. HP: 19/19 MP: 1/1
   196 | D:1      | Reached XP level 2. HP: 12/27 MP: 1/1
   338 | D:1      | Reached skill level 4 in Armour
   619 | D:2      | Noticed Sigmund
   637 | D:2      | Killed Sigmund
   637 | D:2      | Reached XP level 3. HP: 18/34 MP: 2/2
   637 | D:2      | Reached XP level 4. HP: 21/41 MP: 2/2
   838 | D:2      | Noticed Ijyb
  1423 | D:3      | Reached XP level 5. HP: 40/47 MP: 2/2
  1456 | D:3      | Found a basalt altar of Yredelemnul.
  1467 | D:3      | Reached skill level 5 in Armour
  1550 | D:3      | Reached skill level 1 in Dodging
  1922 | D:3      | Found a deep blue altar of Sif Muna.
  1992 | D:3      | Found a bloodstained altar of Trog.
  1993 | D:3      | Noticed a wizard
  1998 | D:3      | Killed a wizard
  2103 | D:4      | Noticed Edmund
  2119 | D:4      | Killed Edmund
  2119 | D:4      | Reached skill level 5 in Fighting
  2119 | D:4      | Reached XP level 6. HP: 9/56 MP: 3/3
  2389 | D:4      | Noticed an ogre
  2397 | D:4      | Killed an ogre
  2567 | D:4      | Noticed Natasha
  2576 | D:4      | Killed Natasha
  2667 | D:4      | Reached XP level 7. HP: 55/61 MP: 3/3
  2724 | D:4      | Noticed Natasha
  2735 | D:4      | Killed Natasha
  2850 | D:4      | Noticed an ogre
  2856 | D:4      | Killed an ogre
  2856 | D:4      | Reached skill level 6 in Armour
  2856 | D:4      | Reached skill level 1 in Stealth
  2856 | D:4      | Reached skill level 5 in Shields
  2890 | D:4      | Noticed Natasha
  2892 | D:4      | Killed Natasha
  2899 | D:4      | Noticed a phantom
  2909 | D:4      | Killed a phantom
  2953 | D:4      | Noticed an ogre
  2957 | D:4      | Killed an ogre
  3096 | D:4      | Reached skill level 5 in Axes
  3279 | D:5      | Entered Level 5 of the Dungeon
  3279 | D:5      | Noticed a troll
  3287 | D:5      | HP: 3/62 [troll (6)]
  3288 | D:5      | Mangled by a troll

Action                   |  1- 3 |  4- 6 |  7- 9 || total
-------------------------+-------+-------+-------++-------
Melee: War axe           |    45 |   199 |    63 ||   307
Evoke: Wand              |       |       |     1 ||     1
  Use: Potion            |       |     1 |     1 ||     2
  Eat: Chunk             |       |     6 |     2 ||     8
